 Dungeon Crawl Stone Soup version 0.31.0-32-g396128a36d (webtiles) character file.

Game seed: 2047333708963033256

731 James the Shooter (level 8, -2/56 HPs)
             Began as a Formicid Hunter on Mar 15, 2024.
             Was a Follower of Makhleb.
             Slain by a black bear (5 damage)
             ... on level 4 of the Dungeon.
             The game lasted 00:14:13 (5241 turns).

James the Shooter (Formicid Hunter)                 Turns: 5241, Time: 00:14:13

Health: -2/56      AC:  7    Str: 19    XL:     8   Next: 3%
Magic:  0/8        EV: 11    Int:  8    God:    Makhleb [*.....]
Gold:   187        SH:  0    Dex: 17    Spells: 7/7 levels left

rFire   . . .        a - +0 shortbow
rCold   . . .        (no shield)
rNeg    . . .        f - +0 ring mail
rPois   .            (helmet unavailable)
rElec   .            (no cloak)
rCorr   .            r - +0 pair of gloves
SInv    +            (no boots)
Will    .....        P - amulet of guardian spirit
Stlth   +            (no ring)
HPRegen 0.29/turn    (no ring)
MPRegen 0.11/turn

%: guardian spirit
@: no status effects
A: permanent stasis, dig shafts and tunnels, antennae 3, four strong arms
a: Dig, Shaft Self, Renounce Religion


You were on level 4 of the Dungeon.
You worshipped Makhleb.
Makhleb was aware of your devotion.
You visited 1 branch of the dungeon, and saw 5 of its levels.

You collected 187 gold pieces.

Inventory:

Hand Weapons
 a - a +0 shortbow (weapon)
 b - a +2 dagger of electrocution
   (You found it on level 1 of the Dungeon)
 n - a +1 heavy sling
   (You found it on level 1 of the Dungeon)
 A - a +0 halberd
   (You took it off a gnoll on level 3 of the Dungeon)
 C - a +0 trident
   (You took it off an orc on level 3 of the Dungeon)
 D - a +0 spear of venom
   (You took it off an orc on level 3 of the Dungeon)
Missiles
 i - 2 throwing nets {!f}
 w - 6 silver javelins
Armour
 c - a +0 leather armour
 f - a +0 ring mail (worn)
   (You took it off a goblin on level 1 of the Dungeon)
 j - a +0 ring mail
   (You found it on level 1 of the Dungeon)
 o - a +0 leather armour
   (You found it on level 4 of the Dungeon)
 r - a +0 pair of gloves (worn)
   (You found it on level 2 of the Dungeon)
 t - a +0 scale mail
   (You found it on level 2 of the Dungeon)
 y - a +0 ring mail
   (You found it on level 3 of the Dungeon)
 F - a +0 leather armour
   (You took it off an orc on level 4 of the Dungeon)
 G - a +0 ring mail
   (You found it on level 4 of the Dungeon)
 J - a +0 ring mail
   (You found it on level 4 of the Dungeon)
 K - a +0 robe
   (You found it on level 4 of the Dungeon)
 L - a +0 leather armour
   (You took it off an orc on level 4 of the Dungeon)
 M - a +0 ring mail
   (You took it off an orc on level 4 of the Dungeon)
 N - a +0 robe
   (You found it on level 5 of the Dungeon)
 O - a +0 leather armour
   (You found it on level 5 of the Dungeon)
Magical Staves
 m - a staff of death
   (You found it on level 1 of the Dungeon)
Jewellery
 P - an amulet of guardian spirit (around neck)
   (You found it on level 5 of the Dungeon)
Scrolls
 e - a scroll of fear
 g - a scroll of butterflies
 k - a scroll of vulnerability {unknown}
 p - a scroll of revelation {unknown}
 s - a scroll of poison {unknown}
 u - a scroll of amnesia {unknown}
 v - a scroll of acquirement {unknown}
 z - a scroll of fog {unknown}
 E - a scroll of immolation {unknown}
Potions
 d - 2 potions of enlightenment {unknown}
 h - 6 potions of curing {@q1}
 l - a potion of degeneration {unknown}
 q - 2 potions of heal wounds {unknown}
 x - 2 potions of lignification {unknown}
 B - a potion of invisibility
 H - a potion of haste {unknown}
 I - a potion of resistance {unknown}


   Skills:
 - Level 2.1 Fighting
 * Level 7.9 Ranged Weapons
 + Level 5.0 Armour
 - Level 1.7 Dodging
 - Level 1.2 Stealth


You had 7 spell levels left.
You didn't know any spells.
Your spell library contained the following spells:

 Spells                   Type           Power      Damage    Failure   Level
 Apportation              Tloc           0%         N/A       58%         1
 Necrotise                Necr           0%         1d4       58%         1
 Sting                    Conj/Alch      0%         1d3       58%         1
 Summon Small Mammal      Summ           0%         N/A       58%         1
 Fugue of the Fallen      Necr           0%         N/A       91%         3
 Ozocubu's Armour         Ice            0%         N/A       91%         3
 Summon Ice Beast         Ice/Summ       0%         N/A       91%         3
 Manifold Assault         Tloc           0%         N/A       100%        4
 Arcjolt                  Conj/Air       0%         1d10      100%        5
 Summon Mana Viper        Hex/Summ       0%         N/A       100%        5
 Dispersal                Tloc           0%         N/A       100%        6
 Monstrous Menagerie      Summ           0%         N/A       100%        7
 Disjunction              Tloc           0%         N/A       100%        8
 Maxwell's Capacitive Co  Air            0%         ∞         100%        8
 Vhi's Electric Charge    Tloc/Air       Unusable   N/A       N/A         4

Dungeon Overview and Level Annotations

Branches:
Dungeon (5/15)
 Temple: D:4-7

Altars:
Makhleb
Nemelex Xobeh

Shops:
D:4 [

Annotations:
D:5 Pikel


Innate Abilities, Weirdness & Mutations

You cannot be hasted, slowed, berserked, paralysed or teleported.
You can dig through walls and to a lower floor.
You have a pair of large antennae on your head. (SInv)
Your four strong arms can wield two-handed weapons with a shield.


Message History

The black bear bites you. The black bear barely misses you.
The black bear claws you.
You shoot an arrow.
The arrow hits the black bear but does no damage.
The black bear bites you but does no damage.
The black bear claws you but does no damage.
The black bear closely misses you. The black bear bites you.
The black bear claws you but does no damage. x2
You shoot an arrow. The arrow hits the black bear!
The black bear goes berserk!
You shoot an arrow. The arrow hits the black bear.
The black bear bites you. The black bear closely misses you.
The black bear claws you.
* * * LOW HITPOINT WARNING * * *
Fire: a) +0 shortbow
Press: ? - help, Q - select action, (/) - cycle Shift-Dir - straight line, f/p - black bear
Aim: a black bear (severely wounded, berserk, 71% to hit)
You shoot an arrow.
The arrow hits the black bear but does no damage.
The black bear bites you but does no damage.
The black bear misses you.
The black bear claws you but does no damage.
The black bear barely misses you.
The black bear claws you but does no damage.
The black bear claws you.
* * * LOW HITPOINT WARNING * * *
Fire: a) +0 shortbow
Press: ? - help, Q - select action, (/) - cycle Shift-Dir - straight line, f/p - black bear
Aim: a black bear (severely wounded, berserk, 71% to hit)
You shoot an arrow. The arrow barely misses the black bear.
The black bear bites you!
* * * LOW HITPOINT WARNING * * *
The black bear barely misses you.
The black bear claws you but does no damage.
Fire: a) +0 shortbow
Press: ? - help, Q - select action, (/) - cycle Shift-Dir - straight line, f/p - black bear
Aim: a black bear (severely wounded, berserk, 71% to hit)
You shoot an arrow.
The arrow closely misses the black bear.
The black bear bites you.
* * * LOW HITPOINT WARNING * * *
The black bear misses you. The black bear claws you.
* * * LOW HITPOINT WARNING * * *
The black bear closely misses you. x2; The black bear claws you.
* * * LOW HITPOINT WARNING * * *
Fire: a) +0 shortbow
Press: ? - help, Q - select action, (/) - cycle Shift-Dir - straight line, f/p - black bear
Aim: a black bear (severely wounded, berserk, 71% to hit)
You shoot an arrow.
The arrow hits the black bear but does no damage.
The black bear misses you. The black bear claws you.
You die...

.........#....# #......##'###
.###.....#....# #............
'###.....#....#######............
.........#)......................
.........)...........#+####.)....
.........#...........'....#......
.........#...........#....+......
.........#.......h...#....#......
.##......#......@....#....#######
.##......#...........#..........+
.........#....########..........#
.........#....+.....##....##....#
.##......#....#.....##....##....#
.##......'....#............#....#
.#.......#....#'##..##.....#....#
.#.......#.......#..##.....#....'
.##......#.......#.........#....#


You could see a black bear (berserk).

Vanquished Creatures
  A water moccasin (D:5)
  A black bear (D:5)
  An ogre (D:4)
  4 lemures (D:5)
  A bombardier beetle (D:4)
  3 hounds
  2 iguanas
  9 gnolls
  6 adders
  2 shadow imps (D:5)
  A dart slug (D:4)
  2 ribbon worms
  10 orcs
  7 bats
  10 endoplasms
  3 giant cockroaches
  12 goblins
  8 hobgoblins
  2 jackals (D:3)
  8 ball pythons
  6 frilled lizards
  4 kobolds (D:1)
  11 rats
114 creatures vanquished.

Notes
Turn   | Place    | Note
-------+----------+-------------------------------------------
     0 | D:1      | James the Formicid Hunter began the quest for the Orb.
     0 | D:1      | Reached XP level 1. HP: 16/16 MP: 1/1
    63 | D:1      | Reached XP level 2. HP: 22/22 MP: 2/2
   115 | D:1      | Reached skill level 1 in Armour
   273 | D:1      | Reached XP level 3. HP: 9/27 MP: 3/3
   532 | D:1      | Reached XP level 4. HP: 33/33 MP: 4/4
   568 | D:1      | Reached skill level 5 in Ranged Weapons
   981 | D:2      | Found a burning altar of Makhleb.
  1001 | D:2      | Became a worshipper of Makhleb the Destroyer
  1745 | D:3      | Reached XP level 5. HP: 34/38 MP: 5/5
  2424 | D:3      | Reached * piety under Makhleb
  2712 | D:4      | Found Muets's Antique Armour Shoppe.
  2737 | D:4      | Reached skill level 6 in Ranged Weapons
  2737 | D:4      | Reached XP level 6. HP: 21/44 MP: 6/6
  3719 | D:4      | Found a sparkling altar of Nemelex Xobeh.
  4093 | D:5      | Entered Level 5 of the Dungeon
  4125 | D:5      | Noticed an ogre
  4169 | D:4      | Killed an ogre
  4170 | D:4      | Reached skill level 7 in Ranged Weapons
  4170 | D:4      | Reached XP level 7. HP: 17/50 MP: 7/7
  4401 | D:5      | Noticed Pikel
  5137 | D:5      | Noticed a water moccasin
  5157 | D:5      | Killed a water moccasin
  5158 | D:5      | Reached skill level 5 in Armour
  5158 | D:5      | Reached XP level 8. HP: 49/56 MP: 8/8
  5241 | D:4      | Slain by a black bear

Illustrated notes

Levels and vault maps discovered:
D:1:      saegor_arrival_simple_b, layout_basic, chequers_serial_rivers_micro_e,
          minmay_pentomino_w4
D:2:      layout_basic, basic_altar
D:3:      layout_basic, kennysheep_cross_room, serial_bayou_ford_a
D:4:      layout_gridville, nemelex_spade_bored_becter, serial_shops,
          nicolae_shop_competitors_out_of_business, serial_park_tiny_pond
D:5:      layout_loops_ring, lemuel_tele_altar,
          nicolae_shop_sticking_my_neck_out, uniq_pikel

Skill      XL: |  1  2  3  4  5  6  7 |
---------------+----------------------+-----
Armour         | 1 2 3 4 5 |  5.0
Ranged Weapons | 5 6 7 |  7.9
Fighting       | |  2.1
Dodging        | |  1.7
Stealth        | |  1.2

Action                     |  1- 3 |  4- 6 |  7- 9 || total
---------------------------+-------+-------+-------++-------
  Melee: Dagger            |     2 |       |       ||     2
   Fire: Shortbow          |    75 |   255 |   135 ||   465
    Use: Scroll            |       |     4 |       ||     4
         Potion            |       |     1 |       ||     1
 Armour: Leather armour    |    10 |       |       ||    10
         Ring mail         |       |    80 |    96 ||   176
  Dodge: Dodged            |    16 |    76 |    81 ||   173
